 Dungeon Crawl Stone Soup version 0.26.0-10-g1f06aea511 (webtiles) character file.

Game seed: 14664577765347804992

672 Dracia the Fighter (level 7, -1/63 HPs)
             Began as a Demonspawn Gladiator on Jan 18, 2021.
             Slain by a shadow imp (5 damage)
             ... on level 5 of the Dungeon.
             The game lasted 00:04:53 (4095 turns).

Dracia the Fighter (Demonspawn Gladiator)           Turns: 4095, Time: 00:04:53

Health: -1/63      AC:  4    Str: 23    XL:     7   Next: 32%
Magic:  7/7        EV: 13    Int: 13    God:
Gold:   359        SH:  0    Dex: 14    Spells: 6/6 levels left

rFire    . . .     SeeInvis .   k - +4 dagger (drain)
rCold    + . .     Faith    .   (no shield)
rNeg     . . .     Spirit   .   b - +0 leather armour
rPois    .         Reflect  .   c - +0 helmet
rElec    .         Harm     .   (no cloak)
rCorr    .         Rampage  .   (no gloves)
Will     .....                  (no boots)
Stlth    +.........             (no amulet)
HPRegen  0.20/turn              C - ring of protection from cold
MPRegen  0.10/turn              S - +6 ring of strength

@: very slightly contaminated, invisible
A: hooves 1, big brain 2
a: no special abilities


You were on level 5 of the Dungeon.
You visited 1 branch of the dungeon, and saw 5 of its levels.
You also visited: Sewer.

You collected 359 gold pieces.


Innate Abilities, Weirdness & Mutations

You have large cloven feet.
You have an extremely huge brain. (Int +4)


   Skills:
 + Level 8.3 Fighting
 - Level 2.6 Short Blades
 - Level 1.7 Throwing
 - Level 2.6 Dodging


You had 6 spell levels left.
You didn't know any spells.
Your spell library contained the following spells:

 Spells                   Type           Power        Failure   Level
 Animate Skeleton         Necr           0%           34%         1
 Apportation              Tloc           0%           34%         1
 Corona                   Hex            0%           34%         1
 Summon Small Mammal      Summ           0%           34%         1

Inventory:

Hand Weapons
 a - a +0 rapier
 k - a +4 dagger of draining (weapon)
Missiles
 d - 2 throwing nets (quivered) {=f=f}
 i - 5 curare-tipped darts {=f=f}
Armour
 b - a +0 leather armour (worn)
 c - a +0 helmet (worn)
Jewellery
 C - a ring of protection from cold (left hand)
 S - a +6 ring of strength (right hand)
Wands
 n - a wand of flame (20)
 r - a wand of disintegration (27)
Scrolls
 e - 6 scrolls of remove curse {@r2@r2}
 g - 3 scrolls of teleportation {@r4@r4}
 q - 3 scrolls of identify {@r1@r1}
 s - a scroll of fog
 u - a scroll of enchant weapon {unknown}
 v - a scroll of blinking {unknown}
 w - a scroll of amnesia {unknown}
 x - a scroll of magic mapping {unknown}
Potions
 f - a potion of ambrosia
 j - 2 potions of brilliance {unknown}
 m - a potion of degeneration {unknown}
 o - a potion of berserk rage {unknown}
 p - a potion of curing {unknown}
 t - a potion of heal wounds {unknown}
 z - a potion of haste {unknown}
Miscellaneous
 l - a condenser vane

Dungeon Overview and Level Annotations

Branches:
Dungeon (5/15)             Temple (0/1) D:5           Sewer (visited)

Altars:
Elyvilon
Makhleb
Okawaru
Ru

################ #
###.........(....#### #
##...................#
###....................#
##[....................#
...............(........
#..............(5.......
##..............@.......
##...>>.......)....)...
##...................#
##..................#
##................##
##..............#
.............#
#...........## #


You could see a shadow imp.


Message History

* * * LOW HITPOINT WARNING * * *
The centaur shoots an arrow.
The arrow closely misses the frilled lizard.
The arrow hits you.
* * * LOW HITPOINT WARNING * * *
The frilled lizard bites you.
* * * LOW HITPOINT WARNING * * *
You are very lightly contaminated with residual magic.
The centaur shoots an arrow.
The arrow hits the frilled lizard!
The frilled lizard dies!
The shadow imp barely misses you.
The centaur shoots an arrow.
The centaur unwields a +0 shortbow.
The centaur hits you!
* * * LOW HITPOINT WARNING * * *
You hit the centaur. You drain the centaur. You kick the centaur.
The centaur is moderately wounded.
The shadow imp barely misses you. The centaur closely misses you.
You hit the centaur. Your kick misses the centaur.
The centaur is severely wounded.
The centaur barely misses you. The shadow imp misses you.
You hit the centaur. You drain the centaur.
You kill the centaur!
The shadow imp gestures at you. Pain shoots through your body!
* * * LOW HITPOINT WARNING * * *
A shadow imp is nearby!
You hit the shadow imp but do no damage.
Your kick misses the shadow imp.
The shadow imp is almost dead.
The shadow imp hits you.
You die...

Skill      XL: |  1  2  3  4  5  6  7 |
---------------+----------------------+-----
Fighting       | 3 4 5 6 7 8 |  8.3
Short Blades   | |  2.6
Throwing       | |  1.7
Dodging        | |  2.6

Action                   |  1- 3 |  4- 6 |  7- 9 || total
-------------------------+-------+-------+-------++-------
Melee: Rapier            |    98 |     2 |       ||   100
       Kick              |     9 |    43 |     7 ||    59
       Dagger            |       |   142 |    20 ||   162
Throw: Throwing net      |       |     1 |       ||     1
  Use: Scroll            |       |     6 |       ||     6
       Potion            |       |       |     1 ||     1
Armor: Leather armour    |    38 |    35 |     2 ||    75
Dodge: Dodged            |    75 |    70 |    10 ||   155

Levels and vault maps discovered:
D:1:      nzn_arrival_water_spiral, layout_basic, serial_glass, glass_columns_a,
          glass_columns_b, due_unseen_surprise, item_on_display_a,
          minmay_strange_pillars
D:2:      layout_basic
D:3:      layout_basic, gammafunk_temple_overflow_forgotten, marbit_many_paths,
          cheibrodos_sewer_entry_bend
D:4:      minmay_spotlight, layout_rooms
D:5:      old_forge, layout_cave_pods, minmay_temple_entry_waves, minivault_4,
          sigmund_edmund_badplayer, uniq_ijyb

Notes
Turn   | Place    | Note
-------+----------+-------------------------------------------
     0 | D:1      | Dracia the Demonspawn Gladiator began the quest for the
                  | Orb.
     0 | D:1      | Reached XP level 1. HP: 16/16 MP: 1/1
   246 | D:1      | Gained mutation: You have an unusually large brain. (Int
                  | +2) [demonic ancestry]
   246 | D:1      | Reached XP level 2. HP: 22/23 MP: 2/2
   355 | D:1      | Reached skill level 3 in Fighting
  1079 | D:2      | Gained mutation: You have large cloven feet. [demonic
                  | ancestry]
  1079 | D:2      | Reached XP level 3. HP: 22/29 MP: 3/3
  1274 | D:2      | Reached skill level 4 in Fighting
  1457 | D:2      | Reached XP level 4. HP: 32/38 MP: 4/4
  1961 | D:3      | Found an iron altar of Okawaru.
  2000 | D:3      | Found a glowing drain.
  2029 | Sewer    | Entered a sewer
  2034 | Sewer    | Reached skill level 5 in Fighting
  2057 | Sewer    | Noticed Purgy
  2068 | Sewer    | Killed Purgy
  2069 | Sewer    | Reached XP level 5. HP: 42/46 MP: 5/5
  2180 | D:3      | Found a white marble altar of Elyvilon.
  2181 | D:3      | Found a sacrificial altar of Ru.
  2200 | D:3      | Reached skill level 6 in Fighting
  2859 | D:3      | Found a burning altar of Makhleb.
  3059 | D:4      | Gained mutation: You have an extremely huge brain. (Int +4)
                  | [demonic ancestry]
  3059 | D:4      | Reached XP level 6. HP: 53/53 MP: 6/6
  3396 | D:4      | Reached skill level 7 in Fighting
  3794 | D:5      | Entered Level 5 of the Dungeon
  3804 | D:5      | Reached XP level 7. HP: 44/61 MP: 7/7
  3953 | D:5      | Found a staircase to the Ecumenical Temple.
  4055 | D:5      | Reached skill level 8 in Fighting
  4091 | D:5      | HP: 5/62 [centaur (7)]
  4095 | D:5      | Slain by a shadow imp

Vanquished Creatures
  Purgy (Sewer)
  2 centaurs (D:5)
  A centaur zombie (D:5)
  An orc priest (D:4)
  An orc wizard (D:4)
  6 worker ants (D:4)
  A howler monkey skeleton (D:3)
  8 adders
  An adder skeleton (D:4)
  3 dart slugs
  2 worms
  5 leopard geckos
  8 orcs
  4 giant cockroaches
  5 goblins
  7 hobgoblins
  4 jackals
  A ball python (D:4)
  13 bats
  2 frilled lizards
  7 kobolds
  2 quokka skeletons (D:4)
  8 rats
93 creatures vanquished.

Vanquished Creatures (others)
  A frilled lizard (D:5)
  A plant (D:3)
2 creatures vanquished.

Grand Total: 95 creatures vanquished

Table legend: (Time is in decaauts)
 A = Elapsed time spent in this place.
 B = Non-inter-level travel time spent in this place.
 C = Inter-level travel time spent in this place.
 D = Time resting spent in this place.
 E = Time spent auto-exploring this place.
 F = Levels seen in this place.
 G = Mean time per level.
                   A        B        C        D        E       F      G
               +--------+--------+--------+--------+--------+-----+--------+
         Total |   4090 |   3985 |    105 |      0 |   3413 |   6 |  681.7 |
       Dungeon |   3981 |   3876 |    105 |      0 |   3336 |   5 |  796.2 |
         Sewer |    109 |    109 |      0 |      0 |     77 |   1 |  109.0 |
               +--------+--------+--------+--------+--------+-----+--------+

Top non-repeatable levels by time:
     D:1: 1053 daAuts
     D:3: 972 daAuts
     D:2: 886 daAuts
     D:4: 771 daAuts
     D:5: 297 daAuts
   Sewer: 109 daAuts

Table legend:
 A = Non-vault XP
 B = Vault XP
 C = Vault XP percentage of total XP
 D = Non-vault monster count
 E = Vault monster count
 F = Vault count percentage of total count
                 A         B        C        D         E       F
            +---------+---------+-------+---------+---------+-------
      Total |     730 |     230 |  24.0 |      82 |      11 |  11.8
            +---------+---------+-------+---------+---------+-------
        D:1 |      33 |       0 |   0.0 |      20 |       0 |   0.0
        D:2 |     103 |       0 |   0.0 |      23 |       0 |   0.0
        D:3 |      41 |       7 |  14.6 |      11 |       2 |  15.4
        D:4 |     256 |      80 |  23.8 |      23 |       3 |  11.5
        D:5 |     297 |       0 |   0.0 |       5 |       0 |   0.0
      Sewer |       0 |     143 | 100.0 |       0 |       6 | 100.0
            +---------+---------+-------+---------+---------+-------
